 Dungeon Crawl Stone Soup version 0.29-a0-364-g921d912d32 (webtiles) character file.

Game seed: 5127663972598854949

47 spaghetti the Skirmisher (level 3, -1/34 HPs)
             Began as a Naga Fighter on Apr 30, 2022.
             Was a Follower of Vehumet.
             Slain by a goblin
             ... wielding a +0 club
             ... led by Robin
              (2 damage)
             ... on level 2 of the Dungeon.
             The game lasted 00:01:53 (1061 turns).

spaghetti the Skirmisher (Naga Fighter)             Turns: 1061, Time: 00:01:54

Health: -1/34      AC:  4    Str: 18    XL:     3   Next: 70%
Magic:  3/3        EV:  7    Int: 10    God:    Vehumet [*.....]
Gold:   64         SH:  4    Dex: 10    Spells: 2/2 levels left

rFire   . . .      SeeInvis +   a - +0 trident {polearm}
rCold   . . .      Faith    .   c - +0 buckler
rNeg    . . .      Spirit   .   b - +0 scale mail
rPois   +          Reflect  .   (no helmet)
rElec   .          Harm     .   (no cloak)
rCorr   .          Rampage  .   (no gloves)
Will    .....                   (no barding)
Stlth   ..........              (no amulet)
HPRegen 0.11/turn               (no ring)
MPRegen 0.08/turn               (no ring)

@: mighty, very slow
A: AC +1, large, see invisible, deformed body, poison resistance, slowness 2,
spit poison 1, naga tail 1
a: Spit Poison, Renounce Religion


You were on level 2 of the Dungeon.
You worshipped Vehumet.
Vehumet was aware of your devotion.
You visited 1 branch of the dungeon, and saw 2 of its levels.

You collected 64 gold pieces.


Innate Abilities, Weirdness & Mutations

Your serpentine skin is tough. (AC +1)
You have supernaturally acute eyesight. (SInv)
Armour fits poorly on your strangely shaped body.
Your system is resistant to poisons. (rPois)
You cover ground very slowly.
You can spit poison.
You have a snake-like lower body.


   Skills:
 + Level 3.5 Fighting
 - Level 2.0 Polearms
 * Level 3.4 Armour
 - Level 2.4 Shields


You had 2 spell levels left.
You didn't know any spells.
Your spell library was empty.

Inventory:

Hand Weapons
 a - a +0 trident (weapon) {polearm}
Missiles
 i - 34 stones (quivered) {throwing}
Armour
 b - a +0 scale mail (worn)
 c - a +0 buckler (worn)
Scrolls
 f - a scroll of fog {unknown}
 g - 2 scrolls of holy word {unknown}
 h - a scroll of noise {unknown}
 j - a scroll of identify {unknown}
 k - 2 scrolls of immolation {unknown}
Potions
 d - a potion of might
 e - a potion of mutation {unknown}
 l - a potion of curing {unknown}
 m - a potion of degeneration {unknown}

Dungeon Overview and Level Annotations

Branches:
Dungeon (2/15)

Altars:
Vehumet

######### #.......#
#.......# #.......#
#####.g))...##########
.(....J@)............#
..##################.#
..........#†#
######.###.#
#.....†...#
#.###.##### #.# #.#
#.#


You could see an endoplasm and a goblin (strong).


Message History

No target in view!
No target in view!
No target in view!
No target in view!
No target in view!
No target in view!
No target in view!
No target in view!
No target in view!
A goblin and a hobgoblin come into view.
The goblin shouts!
The hobgoblin shouts!
You hear a shout! x2
Robin of the Strong Arm comes into view.
They are wielding a +0 dagger.
You hear a shout!
You see here a +0 dagger {short}.
You throw a stone {throwing}.
The stone {throwing} closely misses Robin.
Robin shouts!
You hear a shout! x2
Robin flexes a bicep menacingly.
Robin throws the goblin at you!
A goblin comes into view. It is wielding a +0 club.
The goblin hits you but does no damage.
You hear a shout!
You barely miss the goblin. Robin throws the goblin at you!
The goblin hits you with a +0 club. You block the goblin's attack.
The goblin hits you with a +0 club. The goblin closely misses you.
You are too injured to fight recklessly!
You are too injured to fight recklessly!
You are too injured to fight recklessly!
You are too injured to fight recklessly! 😕 HP[-8]
You take 8 damage, and now have 26/34 hp.
MASSIVE DAMAGE!! (PAUSE)
You closely miss the goblin. The goblin barely misses you.
You block the goblin's attack.
You closely miss the goblin. The goblin hits you but does no damage.
The goblin hits you with a +0 club. 😮 HP[-2]
You take 2 damage, and now have 24/34 hp.
You hit the goblin.
You kill the goblin!
Vehumet accepts your kill. The hobgoblin barely misses you.
The goblin barely misses you.
A goblin comes into view. It is wielding a +0 club.
Unknown command.
You puncture the goblin!
You kill the goblin!
Vehumet accepts your kill. The hobgoblin completely misses you.
You hit the goblin. The hobgoblin closely misses you.
The goblin hits you but does no damage. Robin hits you but does no damage.
The hobgoblin hits you.
The goblin hits you but does no damage. 😮 HP[-3]
You take 3 damage, and now have 21/34 hp.
You puncture the goblin!
You kill the goblin!
Vehumet accepts your kill.
Robin roars a battlecry!
The goblins go into a battle-frenzy!
The hobgoblin barely misses you.
An endoplasm comes into view.
You closely miss the hobgoblin. Robin throws the goblin at you!
The hobgoblin hits you. The goblin hits you but does no damage.
You puncture the hobgoblin!
You kill the hobgoblin!
Vehumet accepts your kill. Robin hits you but does no damage.
The goblin hits you with a +0 club.
* * * LOW HITPOINT WARNING * * *
A goblin comes into view. It is wielding a +0 club.
The goblin hits you with a +0 club.
* * * LOW HITPOINT WARNING * * *
Robin roars a battlecry!
The goblin goes into a battle-frenzy! 😨 HP[-12]
You take 12 damage, and now have 9/34 hp.
MASSIVE DAMAGE!! (PAUSE) Unknown command.
You feel very mighty all of a sudden. Robin hits you but does no damage.
You block the goblin's attack.
You puncture the goblin!
You kill the goblin!
Vehumet accepts your kill. Robin hits you but does no damage.
You hit Robin. Robin barely misses you. The endoplasm hits you.
* * * LOW HITPOINT WARNING * * *
😱 HP[-2]
You take 2 damage, and now have 7/34 hp.
You puncture Robin!
You kill Robin!
Vehumet accepts your kill. The endoplasm hits you.
* * * LOW HITPOINT WARNING * * *
😱 HP[-2]
You take 2 damage, and now have 5/34 hp.
You barely miss the goblin. The goblin completely misses you.
The endoplasm freezes you.
You are frozen.
* * * LOW HITPOINT WARNING * * *
The endoplasm hits you but does no damage.
The goblin hits you with a +0 club.
You die...

Skill      XL: |  1  2 |
---------------+-------+-----
Armour         | 3 |  3.4
Fighting       | |  3.5
Polearms       | |  2.0
Shields        | |  2.4

Action                   || total
-------------------------++-------
Melee: Trident           ||    89
Throw: Stone             ||    24
 Abil: Spit Poison       ||     2
  Use: Potion            ||     1
Armor: Scale mail        ||    46
Dodge: Dodged            ||    44
Block: Buckler           ||    15

Levels and vault maps discovered:
D:1:      lightli_arrival_statue_moat, layout_rooms,
          hellmonk_ecumenical_altar_dog_temple
D:2:      layout_basic, minmay_pentomino_pile, uniq_robin

Notes
Turn   | Place    | Note
-------+----------+-------------------------------------------
     0 | D:1      | spaghetti the Naga Fighter began the quest for the Orb.
     0 | D:1      | Reached XP level 1. HP: 21/21 MP: 1/1
     0 | D:1      | magus.rc [v1.9.6]
   171 | D:1      | Reached XP level 2. HP: 26/28 MP: 2/2
   454 | D:1      | Reached skill level 3 in Armour
   608 | D:1      | Found a faded altar of an unknown god.
   667 | D:1      | Prayed at the altar of an unknown god.
   667 | D:1      | Became a worshipper of Vehumet
   667 | D:1      | Reached * piety under Vehumet
   667 | D:1      | Offered knowledge of Freeze by Vehumet.
   687 | D:1      | Reached XP level 3. HP: 34/34 MP: 3/3
  1046 | D:2      | Noticed Robin
  1059 | D:2      | HP: 7/34 [endoplasm (2)]
  1060 | D:2      | Killed Robin
  1061 | D:2      | HP: 1/34 [frozen (4)]
  1061 | D:2      | Slain by a goblin

Vanquished Creatures
  Robin (D:2)
  3 bats (D:1)
  4 endoplasms (D:1)
  A giant cockroach (D:2)
  4 hobgoblins
  4 jackals (D:1)
  A quokka (D:2)
  5 ball pythons
  3 frilled lizards (D:1)
  5 goblins (D:2)
  A kobold (D:1)
  A rat (D:1)
33 creatures vanquished.

Table legend:
 A = Non-vault XP
 B = Vault XP
 C = Vault XP percentage of total XP
 D = Non-vault monster count
 E = Vault monster count
 F = Vault count percentage of total count
                 A         B        C        D         E       F
            +---------+---------+-------+---------+---------+-------
      Total |      35 |      33 |  48.5 |      22 |      11 |  33.3
            +---------+---------+-------+---------+---------+-------
        D:1 |      30 |       8 |  21.1 |      19 |       4 |  17.4
        D:2 |       5 |      25 |  83.3 |       3 |       7 |  70.0
            +---------+---------+-------+---------+---------+-------

Illustrated notes

Table legend:
 A = Kills in this place as a percentage of kills in entire the game.
 B = Kills by you in this place as a percentage of kills by you in the entire game.
 C = Kills by friends in this place as a percentage of kills by friends in the entire game.
 D = Other kills in this place as a percentage of other kills in the entire game.
 E = Experience gained in this place as a percentage of experience gained in the entire game.
 F = Experience gained in this place divided by the number of levels of this place that you have seen.
                   A       B       C       D       E      F
               +-------+-------+-------+-------+-------+----------------------
         Total | 100.0 | 100.0 |   N/A |   N/A | 100.0 |  34.0
       Dungeon | 100.0 | 100.0 |   N/A |   N/A | 100.0 |  34.0
               +-------+-------+-------+-------+-------+----------------------

Table legend: (Time is in decaauts)
 A = Elapsed time spent in this place.
 B = Non-inter-level travel time spent in this place.
 C = Inter-level travel time spent in this place.
 D = Time resting spent in this place.
 E = Time spent auto-exploring this place.
 F = Levels seen in this place.
 G = Mean time per level.
                   A        B        C        D        E       F      G
               +--------+--------+--------+--------+--------+-----+--------+
         Total |   1287 |   1261 |     26 |    283 |    739 |   2 |  643.5 |
       Dungeon |   1287 |   1261 |     26 |    283 |    739 |   2 |  643.5 |
               +--------+--------+--------+--------+--------+-----+--------+

Top non-repeatable levels by time:
     D:1: 1090 daAuts
     D:2: 196 daAuts
